 Dungeon Crawl Stone Soup version 0.20-a0-924-gfa95efa (webtiles) character file.

272 JeffiDaFish the Shield-Bearer (level 6, -2/38 HPs)
             Began as a Gargoyle Fighter on Mar 27, 2017.
             Slain by Talauna's ghost (9 damage)
             ... on level 4 of the Dungeon.
             The game lasted 00:04:31 (2757 turns).

JeffiDaFish the Shield-Bearer (Gargoyle Fighter)    Turns: 2757, Time: 00:04:31

Health: -2/38      AC: 16    Str: 24    XL:     6   Next: 23%
Magic:  6/6        EV:  4    Int:  9    God:
Gold:   178        SH: 11    Dex: 11    Spells: 5/5 levels left

rFire    . . .     SeeInvis .   k - +3 whip
rCold    . . .     Gourm    .   c - +1 shield
rNeg     + . .     Faith    .   e - +0 plate armour
rPois    ∞         Spirit   .   g - +0 hat
rElec    +         Reflect  .   b - scarf {repulsion}
rCorr    .         Harm     .   (no gloves)
MR       .....                  (no boots)
Stlth    ..........             (no amulet)
Regen    0.2/turn               (no ring)
MPRegen  0.1/turn               (no ring)

@: mighty, repel missiles
A: negative energy resistance 1, electricity resistance, unbreathing,
petrification resistance, rot immunity, AC +4
a: no special abilities


You were on level 4 of the Dungeon.
You were not hungry.

You visited 1 branch of the dungeon, and saw 4 of its levels.

You collected 178 gold pieces.

Inventory:

Hand Weapons
 k - a +3 whip (weapon)
Armour
 b - a scarf of repulsion (worn)
 c - a +1 shield (worn)
 e - a +0 plate armour (worn)
 g - a +0 hat (worn)
Scrolls
 a - 2 scrolls of remove curse
 h - 3 scrolls of magic mapping
 i - 3 scrolls of identify
Potions
 j - a potion of brilliance
Comestibles
 f - 4 bread rations


   Skills:
 + Level 3.8 Fighting
 + Level 4.2 Maces & Flails
 + Level 4.6 Armour
 + Level 0.1 Dodging
 + Level 0.2 Stealth
 + Level 4.6 Shields


You had 5 spell levels left.
You didn't know any spells.

Dungeon Overview and Level Annotations

Branches:
Dungeon (4/15)
 Temple: D:4-7

Altars:
Gozag
Makhleb
Nemelex Xobeh
Wu Jian
The Shining One

Annotations:
D:4 Talauna's ghost, novice HOFi


Innate Abilities, Weirdness & Mutations

You are resistant to torment.
Your stone body is resilient. (AC +4)
You are immune to poison.
You resist negative energy. (rN+)
You are resistant to electric shocks. (rElec)
You can survive without breathing.
You are immune to petrification.
You are immune to rotting.


Message History

Talauna's ghost is lightly damaged.
Talauna's ghost hits you.
You hit Talauna's ghost.
Talauna's ghost is lightly damaged.
Talauna's ghost hits you.
You whack Talauna's ghost!
Talauna's ghost is moderately damaged.
Talauna's ghost hits you!
You hit Talauna's ghost.
Talauna's ghost is moderately damaged.
Talauna's ghost hits you.
* * * LOW HITPOINT WARNING * * *
You whack Talauna's ghost!
Talauna's ghost is heavily damaged.
You block Talauna's ghost's attack.
You hit Talauna's ghost but do no damage.
Talauna's ghost is heavily damaged.
Talauna's ghost says, "A storm is coming..."
Talauna's ghost hits you!
You die...

#....+...#...........#
#........'...........#
######.....##.#############
#.....>..............
#....................
#....................
#..............>.....
#..........##W#######
#..........##@#
#..........##.#
######.....##.# #♣.♣#♣##.#
#. #.# ♣. #.# #.# #.# #.#


You could see Talauna's ghost.

Vanquished Creatures
  3 wights (D:4)
  An orc priest (D:3)
  A worker ant (D:4)
  2 adders (D:3)
  3 oozes (D:1)
  A worm (D:2)
  A dart slug (D:1)
  A leopard gecko (D:3)
  6 orcs (D:3)
  2 giant cockroaches
  6 goblins
  5 hobgoblins
  4 kobolds
  A quokka (D:4)
  2 ball pythons
  10 bats
  A frilled lizard (D:1)
  5 rats
55 creatures vanquished.

Vanquished Creatures (others)
  An orc wizard (D:3)
1 creature vanquished.

Grand Total: 56 creatures vanquished

Notes
Turn   | Place    | Note
-------+----------+-------------------------------------------
     0 | D:1      | JeffiDaFish the Gargoyle Fighter began the quest for the Orb.
     0 | D:1      | Reached XP level 1. HP: 14/14 MP: 1/1
   170 | D:1      | Reached XP level 2. HP: 19/19 MP: 2/2
   722 | D:1      | Reached XP level 3. HP: 23/23 MP: 3/3
  1065 | D:2      | Found a sparkling altar of Nemelex Xobeh.
  1111 | D:2      | Found a glowing golden altar of the Shining One.
  1112 | D:2      | Found a faded altar of an unknown god.
  1626 | D:3      | Reached XP level 4. HP: 25/28 MP: 4/4
  1786 | D:3      | Found an opulent altar of Gozag.
  1876 | D:3      | Found an ornate altar of the Wu Jian Council.
  2039 | D:3      | Reached XP level 5. HP: 5/33 MP: 5/5
  2458 | D:3      | Found a burning altar of Makhleb.
  2713 | D:4      | Noticed Talauna's ghost (novice HOFi)
  2745 | D:4      | Reached XP level 6. HP: 22/38 MP: 6/6
  2757 | D:4      | Slain by Talauna's ghost

Vault maps used:
D:1:      dpeg_arrival_water_fire
D:2:      nemelex_xobeh_ov_fountains_minmay, nicolae_overflow_crystal_walls,
          chequers_ecumenical_altar_simple
D:3:      marbit_many_paths, lemuel_round_altar, nicolae_overflow_hidden_temple
D:4:      minmay_temple_entry_mist, first_bread, serial_forest,
          infiniplex_forest_zigzag_1, infiniplex_forest_lined_corner,
          infiniplex_forest_end_2, infiniplex_forest_corner_1,
          infiniplex_forest_lined_room_3, infiniplex_forest_clump_long,
          infiniplex_forest_clump_medium, infiniplex_forest_lined_room_

Skill      XL: |  1  2  3  4  5 |
---------------+----------------+-----
Maces & Flails | 3 4 |  4.2
Armour         | 4 |  4.6
Shields        | 4 |  4.6
Fighting       | |  3.8
Dodging        | |  0.1
Stealth        | |  0.2

Action                   |  1- 3 |  4- 6 || total
-------------------------+-------+-------++-------
Melee: Flail             |   144 |    62 ||   206
       Whip              |       |    36 ||    36
  Use: Scroll            |     7 |     2 ||     9
       Potion            |     3 |     4 ||     7
  Eat: Chunk             |     2 |     4 ||     6
Armor: Plate armour      |   107 |    65 ||   172
       Scale mail        |     1 |       ||     1
Dodge: Dodged            |    21 |    10 ||    31
       Deflected         |       |     1 ||     1
Block: Shield            |   106 |    40 ||   146
